 BcadrenCrawl: Boulder Brew version 0.06-688-g08e91b2d95 (webtiles) character file.

Game seed: 1941503289547620336

123 Leeroy the Archer (level 4, -3/48 HPs) Tengu Centaur. Began on Jan 24, 2023. Slain by an adder (4 damage) ... on level 2 of the Dungeon. The game lasted 00:03:49 (993 turns).

Leeroy the Archer (Tengu Centaur)                    Turns: 993, Time: 00:03:51

Health: -3/48      AC:  4    Str: 17    XL:     4 ^: 19
Magic:  5/5        EV: 10    Int: 12    God:
Gold:   9          SH:  0    Dex: 10    Spells: 3/3 levels left

rFire    . . .     Slash    x   b - +0 short sword
rCold    . . .     Pierce   .   (no weapon)
rNeg     . . .     Bludgeon .   c - +0 leather armour
rCorr    . . .     Vision   .   (helmet restricted)
rPois    .         Gourm    .   (no cloak)
rElec    .         Faith    .   (no gloves)
MR       .....     Spirit   .   (no barding)
HPRegen  0.26/turn Reflect  .   (no amulet)
MPRegen  0.15/turn Harm     .   (no ring)
Stlth    +.........             (no ring)

@: very quick
A: large, beak, hippogriff form, talons, deformed body 1, speed 2, soft flesh,
AC +3
a: no special abilities


You were on level 2 of the Dungeon.
You were not hungry.

You visited 1 branch of the dungeon, and saw 2 of its levels.

You collected 9 gold pieces.

Inventory:

Weapons
 a - a +0 shortbow
 b - a +0 short sword (weapon)
 l - a cursed +0 hatchet {(Curse: rC-)}
Armour
 c - a +0 leather armour (worn)
Jewellery
 e - an uncursed amulet of faith
 k - a cursed ring of stealth {(Curse: rF-)}
Scrolls
 i - a scroll of torment
 n - a scroll of vulnerability
 o - a scroll of fog
 p - a scroll of random uselessness
Potions
 g - a potion of lignification
 j - 2 potions of heal wounds
 q - a potion of haste
Comestibles
 d - 5 rations
 f - 2 chunks of flesh


   Skills:
 - Level 2.0 Fighting
 + Level 8.1 Bows
 - Level 2.1 Dodging
 - Level 1.0 Stealth


You had 3 spell levels left.
You didn't know any spells.
Your spell library was empty.

Dungeon Overview and Level Annotations

Branches:
Dungeon (2/8)

Altars:


Innate Abilities, Weirdness & Mutations

Your horsehide is resilient. (AC +3)
You have a beak for a mouth.
You have a hippogriff-like bottom half; talons in the front, hooves in the back.
Armour fits poorly on your strangely shaped body.
You cover ground very quickly.
Your soft flesh is weak to deep cuts.
Heavy manmade armour will nullify this weakness. (rSlashing-)


Message History

Unknown command.
The bat hits you but does no damage. The bat barely misses you.
The bat hits you (1).
* * * LOW HITPOINT WARNING * * *
A sewer rat comes into view.
The bat barely misses you. The bat hits you but does no damage.
The bat hits you (2).
* * * LOW HITPOINT WARNING * * *
A leopard gecko and 3 sewer rats come into view.
The leopard gecko hisses angrily.
The bat hits you but does no damage.
You hit the sewer rat but do no damage. You barely miss the sewer rat.
You claw the sewer rat (3).
The sewer rat is moderately wounded. (9/12) HP The bat barely misses you. x2; The sewer rat bites you (1).
* * * LOW HITPOINT WARNING * * *
The adder bites you (4).
You die...

≈....≈≈≈≈# ..≈≈≈≈≈#≈.
#.≈;≈≈≈.l.# #≈≈≈≈≈≈#.r.##
#≈≈≈≈≈≈# .≈.## #≈≈≈≈≈≈#
rr.# . #≈≈≈≈≈≈####r≈#
#≈b≈≈≈≈##≈≈@b#
#≈J≈≈≈≈##..S## ####
#≈≈≈≈≈≈##...## ####
#r.###≈≈rrP.≈##≈..##..≈##
.r.≈#≈.rrP≈..≈#..l.≈....#
..#.....wP.r#≈###r...#≈.≈
###≈≈..≈rP≈..≈##.†..## #
####.r≈r≈≈###l..### .
#####..≈≈≈≈.###.######..


You could see a cinder newt, a submerged adder, 5 sewer rats, a leopard gecko
and a bat.

Vanquished Creatures
  A giant cockroach (D:1)
  An adder (D:1)
  2 sewer rats (D:1)
  6 cinder newts (D:1)
  An ooze (D:1)
  2 dart slugs (D:1)
  2 leopard geckos (D:1)
  A ball python (D:1)
  3 goblins (D:1)
  2 hobgoblins (D:1)
  5 bats
  8 kobolds
  5 rats (D:1)
  A withered plant (D:2)
40 creatures vanquished.

Vanquished Creatures (others)
  A sewer rat (D:2)
  48 withered plants (D:2)
49 creatures vanquished.

Grand Total: 89 creatures vanquished

Notes
Turn   | Place    | Note
-------+----------+-------------------------------------------
     0 | D:1      | Leeroy the Tengu Centaur began the quest for the Orb.
     0 | D:1      | Reached XP level 1. HP: 24/24 MP: 2/2
    21 | D:1      | Reached skill level 5 in Bows
    25 | D:1      | Reached XP level 2. HP: 32/32 MP: 3/3
    28 | D:1      | Reached skill level 6 in Bows
    43 | D:1      | Reached XP level 3. HP: 39/40 MP: 4/4
   222 | D:1      | Reached skill level 7 in Bows
   249 | D:1      | Reached XP level 4. HP: 48/48 MP: 5/5
   678 | D:2      | Noticed a big kobold
   811 | D:1      | Reached skill level 8 in Bows
   991 | D:2      | HP: 2/48 [bat (2)]
   993 | D:2      | Slain by an adder

Illustrated notes

Levels and vault maps discovered:
D:1:      ncdulo_smallfort, layout_cave_pools, minmay_lizard_pond,
          portal_sewer_entry_b
D:2:      layout_sewer, st_hidden_mermaid, minmay_pentomino_x4

Skill      XL: |  1  2  3  4 |
---------------+-------------+-----
Bows           | 5 6 7 8 |  8.1
Fighting       | |  2.0
Dodging        | |  2.1
Stealth        | |  1.0

Action                   |  1- 3 |  4- 6 || total
-------------------------+-------+-------++-------
Melee: Short sword       |       |     6 ||     6
       Unarmed           |       |     6 ||     6
       Kick              |       |     2 ||     2
       Tailslap          |       |     1 ||     1
 Fire: Shortbow          |    59 |    48 ||   107
Throw: Stone             |       |     2 ||     2
       Rusty metal       |       |     2 ||     2
       Bone              |       |     1 ||     1
  Use: Scroll            |       |     2 ||     2
Armor: Leather armour    |     2 |    42 ||    44
Dodge: Dodged            |     1 |    25 ||    26
